 Dungeon Crawl Stone Soup version 0.14.0-15-g6b16f67 (webtiles) character file.

174 Kejsarherre the Ruinous (level 5, -11/31 HPs)
             Began as an Octopode Conjurer on Apr 17, 2014.
             Killed from afar by Kejsarherre's ghost (17 damage)
             ... with a stone arrow
             ... on Level 3 of the Dungeon.
             The game lasted 00:07:56 (2184 turns).

Kejsarherre the Ruinous (Octopode Conjurer)         Turns: 2184, Time: 00:07:57

HP -11/31        AC  1     Str  7      XL: 5   Next: 14%
MP   4/10        EV 11     Int 19      God:
Gold 43          SH  7     Dex 12      Spells:  2 memorised,  6 levels left

rFire  . . .     SeeInvis .     (no weapon)
rCold  . . .     Clarity  .     l - +1 buckler
rNeg   + . .     Conserve .     (helmet restricted)
rPois  .         rCorr    .     k - amulet of warding
rElec  .         rRot     .     (no ring)
SustAb . .       Spirit   .     (no ring)
rMut   .         Warding  +     (no ring)
Saprov . . .     Stasis   .     (no ring)
MR     .....                    (no ring)
                                (no ring)
                                (no ring)
                                (no ring)

@: not resistant to hostile enchantments, quite stealthy
A: almost no armour, amphibious, 8 rings, constrict 8, camouflage 1, gelatinous
body 1
a: no special abilities


You were on level 3 of the Dungeon.
You were hungry.

You visited 1 branch of the dungeon, and saw 3 of its levels.

You collected 43 gold pieces.

Inventory:

Armour
 l - a +1 buckler (worn)
Comestibles
 b - 4 bread rations
 f - a meat ration
 m - a lychee
 q - a banana
Scrolls
 d - a scroll of enchant armour {unknown}
 e - a scroll of amnesia
 g - 2 scrolls of magic mapping
 h - 2 scrolls of teleportation
 i - a scroll of random uselessness {unknown}
 j - a scroll of remove curse {unknown}
 n - a scroll of fog {unknown}
Jewellery
 k - an amulet of warding (around mantle)
Potions
 a - a potion of heal wounds {unknown}
 o - a potion of brilliance {unknown}
 p - a potion of beneficial mutation {unknown}
 r - a potion of curing
Books
 c - a book of Conjurations

   Spells                             Type                      Level
   *Magic Dart                        Conjuration                  1
   *Searing Ray                       Conjuration                  2
   Dazzling Spray                     Conjuration/Hexes            3
   Fulminant Prism                    Conjuration/Hexes            4
   Iskenderun's Mystic Blast          Conjuration                  4
   Iskenderun's Battlesphere          Conjuration/Charms           5


   Skills:
 - Level 2.0 Dodging
 - Level 2.6 Stealth
 * Level 2.8 Spellcasting
 + Level 5.8 Conjurations


You had 6 spell levels left.
You knew the following spells:

 Your Spells              Type           Power        Failure   Level  Hunger
a - Magic Dart            Conj           ###.         1%          1    None
b - Searing Ray           Conj           ###...       2%          2    ##.....


Dungeon Overview and Level Annotations

Branches:
Dungeon (3/15)

Altars:

Annotations:
D:3 Kejsarherre's ghost, average HuEE


Innate Abilities, Weirdness & Mutations

You cannot wear most types of armour.
You are amphibious.
You can wear up to eight rings at the same time.
You can use your tentacles to constrict many enemies at once.
Your skin changes colour to match your surroundings (Stlth).
Your rubbery body absorbs attacks (AC +1).


Message History

Aiming: Magic Dart
Press: ? - help, Shift-Dir - straight line, f/p - Kejsarherre's ghost
Aim: Kejsarherre's ghost (moderately damaged)
The magic dart hits Kejsarherre's ghost.
Kejsarherre's ghost is moderately damaged.
Casting: Magic Dart
Confirm with . or Enter, or press ? or * to list all spells.
Aiming: Searing Ray
Press: ? - help, Shift-Dir - straight line, f/p - Kejsarherre's ghost
Aim: Kejsarherre's ghost (moderately damaged)
The searing ray hits Kejsarherre's ghost.
Kejsarherre's ghost is moderately damaged.
Kejsarherre's ghost casts a spell at you.
The stone arrow hits you!
Ouch! That really hurt!
* * * LOW HITPOINT WARNING * * *
Kejsarherre's ghost casts a spell at you.
The stone arrow hits you!
Ouch! That really hurt!
You die...

...... .............
..... #######.####
..... #..... ..p.
#.#### ####.#######
#.#
#..........#####.####
#....................
#..........#####.####
####@####.######.####
#.# #............ #.#
######.....## #.#
#.....# #.# #.....#
#.# #.....# #.#
#.....# #.#
######.....## #..
..........%...


You could see Kejsarherre's ghost.

Vanquished Creatures
  Jessica (D:2)
  4 adders
  2 gnolls (D:2)
  A giant gecko (D:2)
  2 giant cockroaches
  6 hobgoblins
  10 jackals
  A quokka (D:2)
  4 bats
  A giant newt (D:3)
  7 goblins
  7 kobolds
  17 rats
63 creatures vanquished.

Notes
Turn   | Place    | Note
--------------------------------------------------------------
     0 | D:1      | Kejsarherre, the Octopode Conjurer, began the quest for the Orb.
     0 | D:1      | Reached XP level 1. HP: 11/11 MP: 3/3
   405 | D:1      | Reached XP level 2. HP: 13/17 MP: 2/4
   425 | D:1      | Learned a level 2 spell: Searing Ray
   588 | D:2      | Noticed Jessica
   605 | D:2      | Killed Jessica
   605 | D:2      | Reached XP level 3. HP: 11/21 MP: 0/6
   717 | D:2      | Reached skill level 5 in Conjurations
   803 | D:2      | Reached XP level 4. HP: 23/27 MP: 2/8
  1451 | D:2      | HP: 1/27 [gnoll/glowing halberd (8)]
  1927 | D:3      | Reached XP level 5. HP: 14/31 MP: 9/9
  2179 | D:3      | Noticed Kejsarherre's ghost (average HuEE)
  2184 | D:3      | Killed from afar by Kejsarherre's ghost

Action                   |  1- 3 |  4- 6 || total
-------------------------+-------+-------++-------
Melee: Unarmed           |    38 |   101 ||   139
 Cast: Magic Dart        |    25 |    22 ||    47
       Searing Ray       |       |     4 ||     4
  Use: Potion            |     2 |       ||     2
       Scroll            |       |     4 ||     4
 Stab: Sleeping          |     1 |    12 ||    13
